 Dungeon Crawl Stone Soup version 0.30-a0-1163-gf69bf04 (webtiles) character file.

Game seed: 10641186989814246712

25 alziosalvatore the Magician (level 3, -3/25 HPs)
             Began as a Djinni Fire Elementalist on Apr 28, 2023.
             Slain by Terence
             ... wielding a +0 flail
              (4 damage)
             ... on level 2 of the Dungeon.
             The game lasted 00:03:54 (738 turns).

alziosalvatore the Magician (DjFE)                   Turns: 738, Time: 00:03:55

Health: -3/25      AC:  2    Str:  7    XL:     3   Next: 20%
Gold:   61         EV: 12    Int: 18    God:
                   SH:  0    Dex: 13

rFire   + + .        b - +0 war axe
rCold   x . .        (no shield)
rNeg    . . .        a - +0 robe
rPois   ∞            (no helmet)
rElec   .            (no cloak)
rCorr   .            (no gloves)
SInv    .            (boots unavailable)
Will    .....        (no amulet)
Stlth   ++           (no ring)
HPRegen 0.24/turn    (no ring)
MPRegen 0.00/turn

%: infuse magic (-4 HP)
@: flying, very slightly contaminated
A: sickness immunity, fire resistance 2, cold vulnerability 1, float, innate
caster, HP casting, extra vitality 1
a: no special abilities


You were on level 2 of the Dungeon.
You visited 1 branch of the dungeon, and saw 2 of its levels.

You collected 61 gold pieces.

Inventory:

Hand Weapons
 b - a +0 war axe (weapon)
Armour
 a - a +0 robe (worn)
Scrolls
 c - a scroll of blinking {unknown}
Potions
 d - a potion of curing {unknown}


   Skills:
 + Level 2.8 Dodging
 + Level 1.6 Stealth
 + Level 3.0 Spellcasting


You knew the following spells:

 Your Spells              Type           Power      Damage    Failure   Level
a - Foxfire               Conj/Fire      52%        2x1d6     4%          1
b - Scorch                Fire           26%        2d6       7%          2
c - Volatile Blastmotes   Fire/Tloc      26%        2d12      14%         3
d - Inner Flame           Hex/Fire       13%        N/A       14%         3
e - Flame Wave            Conj/Fire      13%        2d6       43%         4
f - Magic Dart            Conj           52%        1d5       4%          1
Your spell library was empty.

Dungeon Overview and Level Annotations

Branches:
Dungeon (2/15)

Altars:

Annotations:
D:2 Terence


Innate Abilities, Weirdness & Mutations

You are immune to sickness and miasma.
You are immune to poison.
Your flesh is very heat resistant. (rF++)
You are vulnerable to cold. (rC-)
You float through the air rather than walking.
You learn spells naturally, not from books.
Your magical power is your life essence.
You have superior vitality. (+4 MHP)


Message History

Terence is heavily wounded.
Terence hits you with a +0 flail.
Casting: Magic Dart (safe; 4% risk of failure)
Confirm with . or Enter, or press ? or * to list all spells.
You conjure some foxfire!
* * * LOW HITPOINT WARNING * * *
Terence hits you with a +0 flail.
* * * LOW HITPOINT WARNING * * *
Casting: Foxfire (safe; 4% risk of failure)
Confirm with . or Enter, or press ? or * to list all spells.
Aiming: Magic Dart (safe; 4% risk of failure)
Press: ? - help, Shift-Dir - straight line, f/p - Terence
Aim: Terence, wielding a +0 flail and wearing a +0 chain mail (heavily wounded, ally target, 100% to hit)
You miscast Magic Dart.
You are very lightly contaminated with residual magic.
Nothing appears to happen.
* * * LOW HITPOINT WARNING * * *
The foxfire hits Terence but does no damage.
Terence is heavily wounded.
The foxfire hits Terence.
Terence is severely wounded.
Terence barely misses you.
Casting: Magic Dart (safe; 4% risk of failure)
Confirm with . or Enter, or press ? or * to list all spells.
You conjure some foxfire!
* * * LOW HITPOINT WARNING * * *
Terence barely misses you.
Casting: Foxfire (safe; 4% risk of failure)
Confirm with . or Enter, or press ? or * to list all spells.
You don't have enough health to cast this spell.
Casting: Foxfire (safe; 4% risk of failure)
Confirm with . or Enter, or press ? or * to list all spells.
You don't know that spell.
You don't have enough health to cast this spell.
The foxfire hits Terence.
Terence is almost dead.
The foxfire hits Terence but does no damage.
Terence is almost dead.
Terence hits you with a +0 flail.
You die...

#.....#
#.....#
#.....#
#!....+
#.....#
#.....#
#######.[...#
##...#.@.....#
#.......@....#
#...###..<...#
#...#⌠#...####
#...###...#
#.........#
#.........#
#.........#
#.........#
........#


You could see Terence.

Vanquished Creatures
  A gnoll (D:1)
  A dart slug (D:1)
  2 endoplasms (D:1)
  A kobold (D:1)
  3 quokkas (D:1)
  3 ball pythons (D:1)
  2 bats (D:1)
  A frilled lizard (D:1)
14 creatures vanquished.

Vanquished Creatures (others)
  46 foxfires
46 creatures vanquished.

Grand Total: 60 creatures vanquished

Notes
Turn   | Place    | Note
-------+----------+-------------------------------------------
     0 | D:1      | alziosalvatore the Djinni Fire Elementalist began the quest
                  | for the Orb.
     0 | D:1      | alziosalvatore set off with the following spells memorised:
                  | Foxfire, Scorch, Volatile Blastmotes, Inner Flame, Flame
                  | Wave.
     0 | D:1      | Reached XP level 1. HP: 15/15 MP: 0/0
   182 | D:1      | Reached XP level 2. HP: 5/21 MP: 0/0
   331 | D:1      | Found a faded altar of an unknown god.
   462 | D:1      | Reached XP level 3. HP: 22/25 MP: 0/0
   462 | D:1      | Learned a level 1 spell: Magic Dart
   551 | D:1      | Reached skill level 3 in Spellcasting
   723 | D:2      | Noticed Terence
   738 | D:2      | Slain by Terence

Illustrated notes

Levels and vault maps discovered:
D:1:      sevenhm_arrival_forest_fort_small_4, layout_loops_ring,
          ebering_ecumenical_altar_ruins, ebering_dispersal_statue_hall
D:2:      layout_basic, basic_altar, feat_on_display, uniq_terence

Skill      XL: |  1  2  3 |
---------------+----------+-----
Spellcasting   | 3 |  3.0
Dodging        | |  2.8
Stealth        | |  1.6

Action                     || total
---------------------------++-------
   Cast: Foxfire           ||    33
         Magic Dart        ||    10
 Armour: Robe              ||     2
  Dodge: Dodged            ||    14

Table legend: (Time is in decaauts)
 A = Elapsed time spent in this place.
 B = Non-inter-level travel time spent in this place.
 C = Inter-level travel time spent in this place.
 D = Time resting spent in this place.
 E = Time spent auto-exploring this place.
 F = Levels seen in this place.
 G = Mean time per level.
                   A        B        C        D        E       F      G
               +--------+--------+--------+--------+--------+-----+--------+
         Total |    737 |    720 |     17 |    125 |    461 |   2 |  368.5 |
       Dungeon |    737 |    720 |     17 |    125 |    461 |   2 |  368.5 |
               +--------+--------+--------+--------+--------+-----+--------+

Top non-repeatable levels by time:
     D:1: 722 daAuts
     D:2: 14 daAuts
